 Dungeon Crawl Stone Soup version 0.19-a0-1223-gf83d13a (webtiles) character file.

53 inmateoo the Insei (level 3, 0/26 HPs)
             Began as a Demonspawn Transmuter on Aug 24, 2016.
             Succumbed to an adder's poison
             ... on level 2 of the Dungeon.
             The game lasted 00:02:11 (1264 turns).

inmateoo the Insei (Demonspawn Transmuter)          Turns: 1264, Time: 00:02:11

Health: 0/26       AC:  8    Str: 10    XL:     3   Next: 64%
Magic:  5/6        EV: 13    Int: 14    God:
Gold:   24         SH:  0    Dex: 14    Spells: 3 memorised, 1 level left

rFire  . . .     SeeInvis .       - Unarmed
rCold  . . .     Gourm    .     b - +0 robe
rNeg   . . .     Faith    .     (no shield)
rPois  .         Spirit   .     (no helmet)
rElec  .         Dismiss  .     (no cloak)
rCorr  .         Reflect  .     (no gloves)
MR     .....     Harm     .     (no boots)
Stlth  +.........               (no amulet)
                                (no ring)
                                m - +1 ring of evasion

@: lethally poisoned (0 -> -5), sanguine armour
A: sanguine armour 1
a: no special abilities


You were on level 2 of the Dungeon.
You were hungry.

You visited 1 branch of the dungeon, and saw 2 of its levels.

You collected 24 gold pieces.

Inventory:

Missiles
 a - 30 arrows
Armour
 b - a +0 robe (worn)
Jewellery
 m - a +1 ring of evasion (left hand)
Scrolls
 e - a scroll of magic mapping {unknown}
 f - a scroll of teleportation {unknown}
 g - a scroll of blinking {unknown}
 j - a scroll of enchant weapon {unknown}
 k - a scroll of remove curse {unknown}
 l - 2 scrolls of amnesia {unknown}
 n - a scroll of identify
Potions
 i - a potion of might
Books
 c - a book of Changes

   Spells                             Type                      Level
   a - Beastly Appendage              Transmutation                1
   b - Sticks to Snakes               Transmutation                2
   c - Spider Form                    Transmutation/Poison         3
   d - Ice Form                       Ice/Transmutation            4
   e - Blade Hands                    Transmutation                5
Comestibles
 d - 2 bread rations
 h - 3 meat rations
 o - a beef jerky
 q - a chunk of flesh


   Skills:
 - Level 1.0 Fighting
 - Level 1.7 Dodging
 * Level 3.6 Unarmed Combat
 + Level 2.5 Spellcasting
 + Level 2.1 Transmutations


You had one spell level left.
You knew the following spells:

 Your Spells              Type           Power        Failure   Level  Hunger
a - Beastly Appendage     Tmut           #.....       12%         1    #......
b - Sticks to Snakes      Tmut           #.......     17%         2    ###....
c - Spider Form           Tmut/Pois      #.........   47%         3    ###....


Dungeon Overview and Level Annotations

Branches:
Dungeon (2/15)

Altars:


Innate Abilities, Weirdness & Mutations

When seriously injured, your bleeding wounds create armour. (AC +6)


Message History

* * * LOW HITPOINT WARNING * * *
You feel sick.
Found 7 bolts.
* * * LOW HITPOINT WARNING * * *
You feel sick.
The goblin unwields an uncursed hunting sling.
The goblin wields an uncursed dagger.
The goblin barely misses you.
You are too injured to fight recklessly!
You hit the goblin but do no damage.
* * * LOW HITPOINT WARNING * * *
You feel sick. The goblin barely misses you.
Your adder closely misses the goblin.
You hit the goblin.
The goblin is severely wounded.
The goblin hits you but does no damage.
Your adder bites the goblin.
The goblin dies!
Unknown command.
* * * LOW HITPOINT WARNING * * *
You feel sick.
You die...

#.[.. #....
######### #....
#.......# #....
#.......# #....
#...)...######....
#.................
#..S............##
#@..............#
+........(......#
#...............#
.................#
##................#
#................#
#.#+#####........#
#. #........#
##########


You could see a friendly adder.

Vanquished Creatures
  An adder (D:2)
  A worm (D:2)
  3 giant geckos
  2 bats (D:1)
  4 giant cockroaches
  4 goblins
  4 hobgoblins (D:1)
  4 jackals (D:2)
  3 giant newts (D:1)
  5 kobolds
  2 rats
33 creatures vanquished.

Vanquished Creatures (collateral kills)
  A goblin (D:2)
1 creature vanquished.

Vanquished Creatures (others)
  A goblin (D:2)
1 creature vanquished.

Grand Total: 35 creatures vanquished

Notes
Turn   | Place    | Note
-------+----------+-------------------------------------------
     0 | D:1      | inmateoo the Demonspawn Transmuter began the quest for the Orb.
     0 | D:1      | Reached XP level 1. HP: 15/15 MP: 3/3
   158 | D:1      | Gained mutation: When seriously injured, your bleeding wounds create armour. (AC +6) [demonic ancestry]
   158 | D:1      | Reached XP level 2. HP: 21/21 MP: 3/5
   192 | D:1      | Reached skill level 3 in Unarmed Combat
   775 | D:2      | Reached XP level 3. HP: 24/26 MP: 4/6
   779 | D:2      | Learned a level 2 spell: Sticks to Snakes
   783 | D:2      | Learned a level 3 spell: Spider Form
  1261 | D:2      | HP: 1/26 [poisoned by an adder]
  1264 | D:2      | Succumbed to an adder's poison

Vault maps used:
D:1:      dpeg_arrival_shrine
D:2:      fiery_altar_vehumet, uniq_terence, uniq_robin

Skill      XL: |  1  2 |
---------------+-------+-----
Unarmed Combat | 3 |  3.6
Transmutations | 2 |  2.1
Fighting       | |  1.0
Dodging        | |  1.7
Spellcasting   | |  2.5

Action                   || total
-------------------------++-------
Melee: Unarmed           ||   147
       Headbutt          ||     4
       Kick              ||     7
 Cast: Beastly Appendage ||     8
       Sticks to Snakes  ||     1
  Use: Scroll            ||     1
       Potion            ||     1
  Eat: Chunk             ||     1
Armor: Robe              ||    42
Dodge: Dodged            ||   123
